 Dungeon Crawl Stone Soup version 0.29-a0-304-gb34f9e133a (webtiles) character file.

Game seed: 8863463718840596111

298 patates123 the Digger (level 6, -3/41 HPs)
             Began as a Draconian Earth Elementalist on Mar 26, 2022.
             Was a Follower of Hepliaklqana.
             Slain by a killer bee (6 damage)
             ... on level 4 of the Dungeon.
             The game lasted 00:52:18 (5235 turns).

patates123 the Digger (DrEE)                        Turns: 5235, Time: 00:52:18

Health: -3/41      AC: 11    Str: 10    XL:     6   Next: 13%
Magic:  11/11      EV: 12    Int: 17    God:    Hepliaklqana [*.....]
Gold:   34         SH:  0    Dex: 12    Spells: 1/12 levels left

rFire   . . .      SeeInvis .   d - +0 short sword
rCold   . . .      Faith    .   (no shield)
rNeg    . . .      Spirit   .   (body armour unavailable)
rPois   .          Reflect  .   k - +2 hat
rElec   .          Harm     .   (no cloak)
rCorr   +          Rampage  +   (no gloves)
Will    .....                   a - +2 pair of boots {rampage}
Stlth   ++........              q - amulet of magic regeneration
HPRegen 0.13/turn               o - ring of resist corrosion
MPRegen 0.52/turn               (no ring)

@: lethally poisoned (-3 -> -8)
A: reduced essence, AC +6, unfitting armour, cold-blooded
a: Renounce Religion, Recall Ancestor, Ancestor Identity


You were on level 4 of the Dungeon.
You worshipped Hepliaklqana.
Hepliaklqana was aware of your devotion.
You visited 1 branch of the dungeon, and saw 5 of its levels.

You collected 190 gold pieces.
You spent 156 gold pieces at shops.

Inventory:

Hand Weapons
 d - a +0 short sword (weapon)
 n - a +0 dagger
 p - a +1 dagger of holy wrath
Armour
 a - a +2 pair of boots of rampaging (worn)
 k - a +2 hat (worn)
Jewellery
 o - a ring of resist corrosion (left hand)
 q - an amulet of magic regeneration (around neck)
Scrolls
 f - a scroll of blinking
 h - a scroll of enchant weapon
 i - a scroll of teleportation
 j - a scroll of noise {unknown}
 l - a scroll of enchant armour {unknown}
 r - a scroll of vulnerability {unknown}
Potions
 b - a potion of magic
 c - 2 potions of degeneration (quivered)
 e - 3 potions of mutation
 m - a potion of lignification
 s - a potion of attraction
 t - a potion of resistance


   Skills:
 + Level 0.3 Fighting
 + Level 0.6 Short Blades
 + Level 2.2 Dodging
 + Level 2.7 Stealth
 + Level 3.8 Spellcasting
 + Level 1.2 Conjurations
 + Level 1.0 Transmutations
 + Level 4.7 Earth Magic


You had one spell level left.
You knew the following spells:

 Your Spells              Type           Power      Damage    Failure   Level
a - Sandblast             Erth           38%        2d10      2%          1
b - Passwall              Tmut/Erth      10%        N/A       8%          2
c - Stone Arrow           Conj/Erth      26%        3d8       14%         3
d - Petrify               Tmut/Erth      13%        N/A       43%         4
e - Animate Skeleton      Necr           6%         N/A       16%         1

Your spell library contained the following spells:

 Spells                   Type           Power      Damage    Failure   Level
 Apportation              Tloc           6%         N/A       16%         1
 Summon Small Mammal      Summ           12%        N/A       16%         1
 Tukima's Dance           Hex            3%         N/A       43%         3
 Anguish                  Hex/Necr       1%         N/A       85%         4
 Passage of Golubria      Tloc           3%         N/A       85%         4
 Silence                  Hex/Air        1%         N/A       99%         5
 Enfeeble                 Hex            1%         N/A       100%        7
 Lehudib's Crystal Spear  Conj/Erth      6%         10d3      100%        8


Dungeon Overview and Level Annotations

Branches:
Dungeon (5/15)
 Temple: D:4-7

Altars:
Hepliaklqana
Zin

Shops:
D:3 :


Innate Abilities, Weirdness & Mutations

Your life essence is reduced to manifest your ancestor. (-10% HP)
Your plain brown scales are hard. (AC +6)
You cannot fit into any form of body armour.
You are cold-blooded and may be slowed by cold attacks.


Message History

The killer bee stings Audrea but does no damage.
The killer bee stings you.
The killer bee attacks as you move away!
The killer bee stings you but does no damage.
The killer bee stings Audrea but does no damage.
The killer bee closely misses you.
There is a stone staircase leading up here.
The killer bee closely misses Audrea.
The killer bee barely misses you.
The killer bee stings you but does no damage. x2
The killer bee completely misses you.
You climb upwards.
There is a stone staircase leading down here.
The killer bee stings you. The killer bee closely misses you.
The killer bee stings you but does no damage. x2
The killer bee completely misses you. The killer bee misses you.
The killer bee barely misses you. x2
The killer bee stings you.
* * * LOW HITPOINT WARNING * * *
The killer bee stings you but does no damage.
The killer bee attacks as you move away!
The killer bee closely misses you. The killer bee stings you.
* * * LOW HITPOINT WARNING * * *
The killer bee closely misses you. The killer bee stings you.
* * * LOW HITPOINT WARNING * * *
You are lethally poisoned!
The killer bee poisons you!
* * * LOW HITPOINT WARNING * * *
You feel sick. The killer bee stings you.
* * * LOW HITPOINT WARNING * * *
The killer bee barely misses you. The killer bee misses you.
The killer bee barely misses you.
The killer bee attacks as you move away!
The killer bee barely misses you.
* * * LOW HITPOINT WARNING * * *
You feel sick. The killer bee closely misses you. The killer bee misses you.
The killer bee barely misses you.
The killer bee attacks as you move away!
The killer bee stings you.
You die...

##. ##### #...
#...#####.# ?#
#...##....# .#
#...##....# .#
###...##....# .#
#.>.........# .#
#.....yy....# .#
#......@..#.##.#
#########+#....#
#......R<.#
#..#####..# ..
##.# ##


You could see 2 killer bees.

Vanquished Creatures
  2 jellies (D:5)
  An orc priest (D:3)
  Natasha (twice) (D:3)
  3 gnolls (D:2)
  4 adders
  A worm (D:2)
  2 dart slugs (D:3)
  7 orcs (D:3)
  5 bats
  6 endoplasms
  A giant cockroach (D:3)
  A goblin (D:3)
  11 hobgoblins
  2 jackals (D:3)
  3 kobolds
  4 quokkas
  6 ball pythons
  2 frilled lizards
  3 rats
66 creatures vanquished.

Vanquished Creatures (collateral kills)
  An adder (D:3)
  A ball python (D:2)
  An endoplasm (D:3)
  A giant cockroach (D:3)
  A jackal (D:3)
  A bat (D:3)
  2 rats
8 creatures vanquished.

Vanquished Creatures (others)
  An ancestor (D:2)
1 creature vanquished.

Grand Total: 75 creatures vanquished

Notes
Turn   | Place    | Note
-------+----------+-------------------------------------------
     0 | D:1      | patates123 the Draconian Earth Elementalist began the quest
                  | for the Orb.
     0 | D:1      | Reached XP level 1. HP: 14/14 MP: 3/3
   385 | D:1      | Reached XP level 2. HP: 20/20 MP: 3/5
   708 | D:1      | Learned a level 2 spell: Passwall
   886 | D:1      | Found a faded altar of an unknown god.
   899 | D:1      | Prayed at the altar of an unknown god.
   899 | D:1      | Became a worshipper of Hepliaklqana the Forgotten
   899 | D:1      | Reached * piety under Hepliaklqana
  1995 | D:2      | Reached XP level 3. HP: 23/23 MP: 2/6
  2236 | D:2      | Learned a level 3 spell: Stone Arrow
  2605 | D:2      | Reached XP level 4. HP: 29/29 MP: 0/8
  3595 | D:3      | Reached skill level 4 in Earth Magic
  3757 | D:3      | Reached XP level 5. HP: 34/34 MP: 3/9
  3995 | D:3      | Learned a level 4 spell: Petrify
  4005 | D:3      | Found a glowing silver altar of Zin.
  4767 | D:3      | Noticed Natasha
  4772 | D:3      | Killed Natasha
  4919 | D:3      | Noticed Natasha
  4924 | D:3      | Killed Natasha
  5083 | D:3      | Found Anaholel's Book Shoppe.
  5098 | D:3      | Bought a book of Cantrips for 156 gold pieces
  5123 | D:3      | Learned a level 1 spell: Animate Skeleton
  5128 | D:4      | You fall into a shaft and drop 1 floor!
  5128 | D:5      | Entered Level 5 of the Dungeon
  5133 | D:5      | Reached skill level 1 in Conjurations
  5133 | D:5      | Reached XP level 6. HP: 41/41 MP: 2/11
  5235 | D:4      | Slain by a killer bee

Illustrated notes

Levels and vault maps discovered:
D:1:      dpeg_arrival_simpleton_c, layout_basic,
          ebering_ecumenical_altar_sacrificial, minmay_octomino_e4
D:2:      layout_loops_ring
D:3:      layout_rooms, lemuel_crystal_altar, serial_shops,
          nicolae_lakefront_shop, nrook_campfire, minmay_crystal_water,
          uniq_natasha
D:4:      layout_basic, gammafunk_ghost_split, grunt_ministairs_7
D:5:      minmay_chambers_of_threes, layout_rooms, lemuel_round_altar,
          nicolae_overflow_hidden_temple, cheibrodos_sewer_entry_sluice

Skill      XL: |  1  2  3  4  5 |
---------------+----------------+-----
Stealth        | 2 |  2.7
Dodging        | 2 |  2.2
Spellcasting   | 3 |  3.8
Earth Magic    | 4 |  4.7
Conjurations   | 1 |  1.2
Fighting       | |  0.3
Short Blades   | |  0.6
Transmutations | |  1.0

Action                   |  1- 3 |  4- 6 || total
-------------------------+-------+-------++-------
Melee: Short sword       |    37 |    26 ||    63
       Tailslap          |     2 |     2 ||     4
 Cast: Sandblast         |    32 |    28 ||    60
       Passwall          |     1 |       ||     1
       Stone Arrow       |     5 |    23 ||    28
Invok: Recall Ancestor   |     3 |     2 ||     5
       Ancestor Identity |       |     1 ||     1
  Use: Scroll            |       |     8 ||     8
 Stab: Sleeping          |       |     1 ||     1
Armor: Skin              |    24 |    30 ||    54
Dodge: Dodged            |    55 |    56 ||   111

Table legend: (Time is in decaauts)
 A = Elapsed time spent in this place.
 B = Non-inter-level travel time spent in this place.
 C = Inter-level travel time spent in this place.
 D = Time resting spent in this place.
 E = Time spent auto-exploring this place.
 F = Levels seen in this place.
 G = Mean time per level.
                   A        B        C        D        E       F      G
               +--------+--------+--------+--------+--------+-----+--------+
         Total |   5244 |   5244 |      0 |   1925 |    922 |   5 | 1048.8 |
       Dungeon |   5244 |   5244 |      0 |   1925 |    922 |   5 | 1048.8 |
               +--------+--------+--------+--------+--------+-----+--------+

Top non-repeatable levels by time:
     D:2: 2025 daAuts
     D:1: 1709 daAuts
     D:3: 1399 daAuts
     D:5: 98 daAuts
     D:4: 12 daAuts
